 Dungeon Crawl Stone Soup version 0.30-a0-857-gcaf70739d4 (webtiles) character file.

Game seed: 17830653893526161597

20991 RePankoism the Fighter (level 12, -1/102 HPs)
             Began as a Demonspawn Berserker on Sept 16, 2021.
             Was a High Priest of Trog.
             Slain by a slime creature (12 damage)
             ... in an ice cave on Mar 6, 2023.
             The game lasted 00:59:58 (18575 turns).

RePankoism the Fighter (Demonspawn Berserker)      Turns: 18575, Time: 00:59:59

Health: -1/102     AC: 10    Str: 22    XL:     12   Next: 50%
Magic:  0/12       EV: 16    Int: 14    God:    Trog [*****.]
Gold:   683        SH: 13    Dex: 14    Spells: 11/11 levels left

rFire   . . .      SeeInvis .    G - +2 short sword "Meul" {drain, rElec rC+ Int+4}
rCold   + . .      Faith    .    A - +0 buckler
rNeg    . . .      Spirit   +    F - +0 steam dragon scales
rPois   +          Reflect  .    v - +0 helmet
rElec   +          Rampage  .    B - +0 cloak {Will+}
rCorr   .                        J - +0 pair of gloves
Will    +....                    O - +1 pair of boots
Stlth   ++++++++++               I - brooch of Shielding {Spirit SH+8}
HPRegen 0.37/turn                z - ring of poison resistance
MPRegen 0.13/turn                s - ring of Shadows {Umbra +Inv Stlth+}

@: agile, on berserk cooldown, slowed, wreathed by umbra, very slow
A: claws 2, thin skeletal structure 1, powered by pain 1, demonic magic 2
a: Renounce Religion, Evoke Invisibility, Berserk, Trog's Hand, Brothers in Arms


You were in an ice cave.
You worshipped Trog.
Trog was extremely pleased with you.
You visited 2 branches of the dungeon, and saw 13 of its levels.
You also visited: Ice Cave.

You collected 683 gold pieces.

Inventory:

Hand Weapons
 u - a +2 dagger of venom
 G - the +2 short sword "Meul" (weapon) {drain, rElec rC+ Int+4}
   (You found it on level 6 of the Dungeon)

   Int:       It affects your intelligence (+4).
   rC:        It protects you from cold.
   rElec:     It insulates you from electricity.
 Y - the +9 hunting sling of the Ring {venom, Will+ Int+3 Stlth+}
   (You found it on level 11 of the Dungeon)

   Int:       It affects your intelligence (+3).
   Will:      It increases your willpower.
   Stlth:     It makes you more stealthy.
Missiles
 S - 2 throwing nets (quivered)
Armour
 v - a +0 helmet (worn)
 A - a +0 buckler (worn)
 B - a +0 cloak of willpower (worn)
 F - +0 steam dragon scales (worn)
 J - a +0 pair of gloves (worn)
 M - a +0 hat
 O - a +1 pair of boots (worn)
Jewellery
 f - a ring of flight
 s - the ring of Shadows (right hand) {Umbra +Inv Stlth+}
   (You found it on level 4 of the Dungeon)

   [ring of stealth]

   Umbra:     It surrounds you with an aura of shadow, increasing your stealth
   and reducing the accuracy of all others within it.
   +Inv:      It lets you turn invisible.
   Stlth:     It makes you more stealthy.
 z - a ring of poison resistance (left hand)
 H - a +6 ring of strength
 I - the brooch of Shielding (around neck) {Spirit SH+8}
   (You found it on level 7 of the Dungeon)

   [amulet of guardian spirit]

   It causes incoming damage to be divided between your reserves of health and
   magic.
   SH:        It affects your SH (+8).
Wands
 D - a wand of iceblast (21)
 K - a wand of digging (7)
 R - a wand of acid (9)
 X - a wand of flame (13)
Scrolls
 b - a scroll of magic mapping {unknown}
 c - 3 scrolls of amnesia {unknown}
 e - 4 scrolls of noise {unknown}
 g - 2 scrolls of vulnerability {unknown}
 o - a scroll of enchant weapon {unknown}
 q - 4 scrolls of immolation {unknown}
 x - 3 scrolls of teleportation {unknown}
 L - 2 scrolls of fear {unknown}
 N - 2 scrolls of blinking {unknown}
 P - a scroll of holy word
 U - a scroll of summoning {unknown}
 W - a scroll of brand weapon {unknown}
Potions
 a - 3 potions of cancellation
 d - a potion of mutation
 j - 5 potions of ambrosia
 l - 6 potions of curing
 m - a potion of invisibility {unknown}
 n - 2 potions of lignification {unknown}
 p - a potion of berserk rage {unknown}
 r - 3 potions of magic
 t - 3 potions of attraction
 w - 2 potions of flight
 C - a potion of haste
 Q - a potion of might {unknown}


   Skills:
 + Level 12.0 Fighting
 + Level 11.2 Short Blades
 - Level 4.1 Maces & Flails
 - Level 1.7 Armour
 - Level 1.7 Dodging
 + Level 11.3 Stealth
 - Level 4.0 Shields


You had 11 spell levels left.
You didn't know any spells.
Your spell library was empty.

Dungeon Overview and Level Annotations

Branches:
Dungeon (12/15)            Temple (0/1) D:7            Lair (1/6) D:8
    Orc (0/2) D:11          IceCv (1/1)

Altars:
Ashenzari
Dithmenos
Qazlal
Sif Muna
Trog
Vehumet
Wu Jian
Xom
Yredelemnul

Shops:
D:1 [   D:4 [

Annotations:
IceCv exclusion: ice statue


Innate Abilities, Weirdness & Mutations

You have very sharp fingernails.
You have a somewhat thin skeletal structure. (Dex +2, Stealth+)
You sometimes gain a little power by taking damage.
Spells you cast may paralyse nearby enemies.


Message History

The slime creature hits you! You block the slime creature's attack.
You puncture the slime creature!
The slime creature is severely wounded.
You hit the slime creature.
The slime creature is severely wounded.
The slime creature barely misses you. You block the slime creature's attack.
You completely miss the slime creature.
The slime creature is severely wounded.
The slime creature hits you!
* * * LOW HITPOINT WARNING * * *
You block the slime creature's attack.
You completely miss the slime creature.
The slime creature is severely wounded.
The slime creature hits you!
* * * LOW HITPOINT WARNING * * *
You block the slime creature's attack.
You hit the slime creature but do no damage.
You drain the slime creature.
The slime creature is severely wounded.
You block the slime creature's attack. The slime creature hits you!
* * * LOW HITPOINT WARNING * * *
You hit the slime creature. You drain the slime creature.
The slime creature is severely wounded.
You hit the slime creature but do no damage.
You drain the slime creature.
The slime creature is almost dead.
You block the slime creature's attack. The slime creature closely misses you.
You puncture the slime creature! You drain the slime creature.
You kill the slime creature!
Trog accepts your kill. The slime creature closely misses you.
A slime creature comes into view.
The slime creature hits you!
* * * LOW HITPOINT WARNING * * *
You focus on the pain.
You feel agile all of a sudden.
You hit the slime creature.
The slime creature is lightly wounded.
The slime creature hits you!
You die...

## ###J ###... #.....
##########
########....##
#......... ##.....#
#...J### ###.........
#......
#.@..###.....###...
#..°.8#
##.........### ##..
#.....## ####....###
###. #.....## ######
##... ##.....###
##.... ####....####
###...## ###.....###
####....##
###.....#####.....###
####.........####


You could see 2 slime creatures.

Vanquished Creatures
  A quicksilver ooze (IceCv)
  A boulder beetle (D:11)
  A hydra (D:12)
  2 two-headed ogres
  Pikel (D:5)
  An ugly thing (D:12)
  2 cyclopes
  10 slime creatures
  A manticore (D:12)
  Maurice (D:9)
  An ice statue (IceCv)
  A gargoyle (D:12)
  A komodo dragon (D:8)
  2 kobold demonologists
  A queen bee (D:9)
  3 trolls
  A meliai zombie (D:10)
  A wraith (D:9)
  Sigmund (D:6)
  24 yaks
  2 wyverns
  A basilisk (D:11)
  A steam dragon (D:6)
  A warg (D:10)
  A warg (shapeshifter) (D:11)
  2 acid dragons (D:10)
  A water moccasin (D:5)
  Duvessa (D:6)
  3 orc warriors
  4 sky beasts
  An ogre (D:4)
  A necrophage (D:5)
  2 ice beasts
  2 great orb of eyes simulacra (IceCv)
  3 centaurs
  A slime creature simulacrum (IceCv)
  Blork the orc (D:6)
  3 bullfrogs
  13 kobold brigands
  2 gnoll sergeants
  Dowan (D:6)
  4 scorpions
  A glowing shapeshifter simulacrum (IceCv)
  39 killer bees
  2 howler monkeys (D:8)
  4 wights (D:8)
  2 bullfrog zombies
  6 centaur zombies
  6 orc priests
  4 hounds
  Crazy Yiuf (D:5)
  2 bullfrog skeletons
  A centaur skeleton (D:6)
  A jelly (D:5)
  2 iguanas
  6 orc wizards
  A shapeshifter simulacrum (IceCv)
  A killer bee zombie (D:9)
  6 howler monkey zombies
  Robin (D:4)
  3 adders
  8 gnolls
  A shadow imp (D:6)
  A white imp (D:5)
  2 adder skeletons (D:4)
  2 worms (D:4)
  3 dart slugs (D:1)
  29 orcs
  8 endoplasms
  2 giant cockroaches
  13 goblins
  9 hobgoblins
  4 jackals
  2 quokkas
  5 ball pythons
  5 bats
  3 frilled lizards
  11 kobolds
  3 rats (D:1)
308 creatures vanquished.

Vanquished Creatures (others)
  An orc (D:7)
  A hobgoblin (D:4)
  3 plants (D:8)
5 creatures vanquished.

Grand Total: 313 creatures vanquished

Notes
Turn   | Place    | Note
-------+----------+-------------------------------------------
     0 | D:1      | RePankoism the Demonspawn Berserker began the quest for the
                  | Orb.
     0 | D:1      | Reached XP level 1. HP: 18/18 MP: 1/1
    58 | D:1      | Found a faded altar of an unknown god.
   384 | D:1      | Gained mutation: You have a somewhat thin skeletal
                  | structure. (Dex +2, Stealth+) [demonic ancestry]
   384 | D:1      | Reached XP level 2. HP: 20/24 MP: 2/2
   720 | D:1      | Found Guapnac's Antique Armour Shoppe.
   867 | D:1      | Reached skill level 1 in Stealth
  1092 | D:1      | Reached XP level 3. HP: 23/29 MP: 3/3
  1529 | D:2      | Found a shimmering blue altar of Sif Muna.
  1611 | D:2      | Reached ** piety under Trog
  2347 | D:3      | Found a radiant altar of Vehumet.
  3129 | D:4      | Found Wicacod's Armour Shop.
  3142 | D:4      | Found the ring of Shadows {Umbra +Inv Stlth+}
  3163 | D:4      | Noticed an ogre
  3172 | D:4      | Killed an ogre
  3173 | D:4      | Reached skill level 4 in Fighting
  3173 | D:4      | Reached XP level 4. HP: 37/37 MP: 4/4
  3173 | D:4      | Reached XP level 5. HP: 42/42 MP: 5/5
  3573 | D:4      | Noticed Robin
  4058 | D:4      | Killed Robin
  4455 | D:4      | Reached skill level 1 in Short Blades
  4583 | D:5      | Entered Level 5 of the Dungeon
  4588 | D:5      | Noticed a water moccasin
  4597 | D:5      | Killed a water moccasin
  4598 | D:5      | Gained mutation: You sometimes gain a little power by
                  | taking damage. [demonic ancestry]
  4598 | D:5      | Reached XP level 6. HP: 48/49 MP: 6/6
  5113 | D:5      | Noticed an ice beast
  5123 | D:5      | Killed an ice beast
  5124 | D:5      | Reached skill level 5 in Fighting
  5233 | D:5      | Reached XP level 7. HP: 55/56 MP: 7/7
  5687 | D:5      | Reached *** piety under Trog
  6193 | D:5      | Found a runed translucent door.
  6194 | D:5      | Noticed Crazy Yiuf
  6416 | D:5      | Killed Crazy Yiuf
  6469 | D:6      | Noticed Sigmund
  6469 | D:6      | Noticed Pikel
  6545 | D:5      | Killed Pikel
  6546 | D:5      | Reached skill level 5 in Short Blades
  6546 | D:5      | Reached skill level 1 in Shields
  6546 | D:5      | Gained mutation: You have sharp fingernails. [demonic
                  | ancestry]
  6546 | D:5      | Reached XP level 8. HP: 53/64 MP: 8/8
  6691 | D:6      | Killed Sigmund
  6692 | D:6      | Reached skill level 6 in Fighting
  6711 | D:6      | Noticed Dowan
  6755 | D:6      | Noticed Duvessa
  6774 | D:6      | Killed Duvessa
  6789 | D:6      | Killed Dowan
  7031 | D:6      | Reached skill level 5 in Stealth
  7104 | D:6      | Found a bloodstained altar of Trog.
  7151 | D:6      | Found a broken altar of Ashenzari.
  7367 | D:6      | Noticed Blork the orc
  7384 | D:6      | Killed Blork the orc
  7576 | D:6      | Gained mutation: You have very sharp fingernails. [demonic
                  | ancestry]
  7576 | D:6      | Reached XP level 9. HP: 56/71 MP: 9/9
  7846 | D:6      | Identified the +2 short sword "Meul" {drain, rElec rC+
                  | Int+4}
  8197 | D:7      | Found a staircase to the Ecumenical Temple.
  8208 | D:7      | Found the brooch of Shielding {Spirit SH+8}
  8305 | D:7      | Reached skill level 7 in Fighting
  8437 | D:7      | Noticed a troll
  8457 | D:7      | Killed a troll
  8479 | D:7      | Killed a large slime creature
  8947 | D:7      | Found a shimmering blue altar of Sif Muna.
  8977 | D:7      | Found a shadowy altar of Dithmenos.
  9405 | D:8      | Found a stormy altar of Qazlal.
  9458 | D:8      | Noticed a komodo dragon
  9527 | D:8      | Found a staircase to the Lair.
  9561 | D:8      | Killed a komodo dragon
  9562 | D:8      | Reached skill level 8 in Fighting
  9562 | D:8      | Reached XP level 10. HP: 80/80 MP: 7/10
  9562 | D:8      | Upgraded the game from 0.28-a0-476-g0f06bd746f to
                  | 0.28-a0-511-gcc94558de3
 10316 | D:8      | Upgraded the game from 0.28-a0-511-gcc94558de3 to
                  | 0.28-a0-514-g0d7ab7f379
 10839 | D:9      | Reached **** piety under Trog
 11786 | D:9      | Noticed a two-headed ogre
 11799 | D:9      | Killed a two-headed ogre
 11800 | D:9      | Reached skill level 9 in Fighting
 11848 | D:9      | Upgraded the game from 0.28-a0-514-g0d7ab7f379 to
                  | 0.28-a0-519-gbfeecf2fc5
 12660 | D:9      | Gained mutation: Spells you cast may paralyse adjacent
                  | enemies. [demonic ancestry]
 12660 | D:9      | Reached XP level 11. HP: 90/90 MP: 11/11
 12799 | D:9      | Found a basalt altar of Yredelemnul.
 13111 | D:10     | Entered Level 10 of the Dungeon
 13157 | D:10     | Found a shimmering altar of Xom.
 13383 | D:10     | Reached skill level 10 in Fighting
 13870 | D:10     | Reached ***** piety under Trog
 13957 | D:10     | Noticed Maurice
 14014 | D:10     | Noticed a sun demon
 14124 | D:9      | Upgraded the game from 0.28-a0-519-gbfeecf2fc5 to
                  | 0.28-a0-556-gab23d0e057
 14177 | D:9      | Upgraded the game from 0.28-a0-556-gab23d0e057 to
                  | 0.28-a0-687-gb91baff9cc
 14205 | D:9      | Killed Maurice
 14388 | D:10     | Reached skill level 10 in Short Blades
 14743 | D:10     | Upgraded the game from 0.28-a0-687-gb91baff9cc to
                  | 0.28-a0-691-gad6df49e81
 15355 | D:11     | Reached skill level 10 in Stealth
 15372 | D:11     | Found a staircase to the Orcish Mines.
 15559 | D:11     | Received a gift from Trog
 15636 | D:11     | Identified the +9 hunting sling of the Ring {venom, Will+
                  | Int+3 Stlth+}
 16044 | D:11     | Reached skill level 11 in Fighting
 16208 | D:11     | Noticed a boulder beetle
 16238 | D:11     | Killed a boulder beetle
 16626 | D:12     | Noticed a four-headed hydra
 16629 | D:12     | Noticed a white ugly thing
 16652 | D:12     | Killed a four-headed hydra
 16874 | D:12     | Gained mutation: Spells you cast may paralyse nearby
                  | enemies. [demonic ancestry]
 16874 | D:12     | Reached XP level 12. HP: 82/100 MP: 9/12
 16967 | D:12     | Noticed a two-headed ogre
 16973 | D:12     | Upgraded the game from 0.28-a0-691-gad6df49e81 to
                  | 0.30-a0-322-g102857c98e
 17003 | D:12     | Killed a two-headed ogre
 17019 | D:12     | HP: 4/100 [yak (3)]
 17352 | D:12     | Found an ornate altar of the Wu Jian Council.
 17843 | Lair:1   | Entered Level 1 of the Lair of Beasts
 17903 | Lair:1   | Found a frozen archway.
 17917 | IceCv    | Entered an ice cave
 17944 | IceCv    | Upgraded the game from 0.30-a0-322-g102857c98e to
                  | 0.30-a0-857-gcaf70739d4
 18166 | IceCv    | Noticed a quicksilver ooze
 18257 | IceCv    | Killed a quicksilver ooze
 18546 | IceCv    | Reached skill level 12 in Fighting
 18575 | IceCv    | Slain by a slime creature

Illustrated notes

Levels and vault maps discovered:
D:1:      onia_arrival_mini_maze, layout_basic, serial_shops, shop,
          ebering_ecumenical_altar_mist, minmay_tetromino_s4
D:2:      wander_river, layout_basic, basic_altar, st_stairs_7
D:3:      layout_loops_ring, fiery_altar_vehumet
D:4:      layout_basic, elyvilon_altar_4, serial_shops, nicolae_square_shop,
          uniq_robin
D:5:      layout_layer_cave, serial_rivers, chequers_serial_rivers_micro_d,
          chequers_serial_rivers_small_3, chequers_serial_rivers_large_b,
          chequers_serial_rivers_micro_e, chequers_serial_rivers_micro_a,
          uniq_crazy_yiuf_cottage
D:6:      layout_basic, nicolae_ashenzari_panopticon, trog_three_pillars_becter,
          uniq_duvessa, uniq_blork_the_orc, uniq_sigmund, uniq_pikel
D:7:      minmay_cornered_nines, layout_layer_cave,
          mainiacjoe_overflow_two_lobes, minmay_temple_entry_mini_moons,
          chequers_decorated_corner
D:8:      layout_basic, nicolae_qazlal_style_of_elements, david_lair_shrubbed
D:9:      layout_long_grid, nicolae_yredelemnul_corpse_copse, special_room
          [special_room_bee]
D:10:     layout_roguey [special_room_kobold], gammafunk_temple_overflow_wave,
          uniq_maurice
D:11:     layout_grid_maze, erik_orc_4, minmay_variable_closet
D:12:     layout_irregular_city, minmay_shop_chei, nicolae_wu_jian_wuxing_cycle
Lair:1:   layout_layer_cave, portal_ice_cave_entry_pillars_1
IceCv:    ice_cave_hellmonk_azure_passage

Skill      XL: |  1  2  3  4  5  6  7  8  9 10 11 12 |
---------------+-------------------------------------+-----
Maces & Flails | 3 4 |  4.1
Stealth        | 1 2 3 4 5 6 8 10 11 | 11.3
Fighting       | 4 5 6 8 9 11 12 | 12.0
Short Blades   | 2 3 5 6 7 9 10 11 | 11.2
Shields        | 1 3 4 |  4.0
Armour         | |  1.7
Dodging        | |  1.7

Action                     |  1- 3 |  4- 6 |  7- 9 | 10-12 || total
---------------------------+-------+-------+-------+-------++-------
  Melee: Mace              |   102 |       |       |       ||   102
         Flail             |    11 |    13 |       |       ||    24
         Dagger            |       |   106 |    98 |       ||   204
         Short sword       |       |       |   126 |  1177 ||  1303
 Invoke: Berserk           |     6 |     4 |     9 |    25 ||    44
    Use: Potion            |       |     1 |       |     1 ||     2
         Scroll            |       |       |       |     9 ||     9
   Stab: Sleeping          |     9 |    11 |    12 |    20 ||    52
         Distracted        |       |       |     1 |     2 ||     3
 Armour: Animal skin       |    14 |     8 |    12 |       ||    34
         Scale mail        |     4 |     3 |       |       ||     7
         Steam dragon scal |       |       |     7 |   166 ||   173
  Dodge: Dodged            |    64 |    77 |    96 |   424 ||   661
  Block: Buckler           |       |       |    76 |   651 ||   727

Table legend: (Time is in decaauts)
 A = Elapsed time spent in this place.
 B = Non-inter-level travel time spent in this place.
 C = Inter-level travel time spent in this place.
 D = Time resting spent in this place.
 E = Time spent auto-exploring this place.
 F = Levels seen in this place.
 G = Mean time per level.
                   A        B        C        D        E       F      G
               +--------+--------+--------+--------+--------+-----+--------+
         Total |  18554 |  17962 |    592 |    564 |  13896 |  14 | 1325.3 |
       Dungeon |  17884 |  17292 |    592 |    564 |  13430 |  12 | 1490.3 |
          Lair |     67 |     67 |      0 |      0 |     13 |   1 |   67.0 |
      Ice Cave |    603 |    603 |      0 |      0 |    452 |   1 |  603.0 |
               +--------+--------+--------+--------+--------+-----+--------+

Top non-repeatable levels by time:
     D:8: 2458 daAuts
     D:5: 2148 daAuts
    D:10: 1858 daAuts
     D:9: 1693 daAuts
     D:1: 1537 daAuts
     D:4: 1485 daAuts
     D:6: 1330 daAuts
     D:7: 1308 daAuts
    D:11: 1286 daAuts
     D:3: 1156 daAuts
    D:12: 1097 daAuts
   IceCv: 603 daAuts
     D:2: 523 daAuts
  Lair:1: 67 daAuts
